Map: Galactic Process LE

Players

TYTY (TY)

  • Race: Terran Terran

ByuN - Winner!

  • Race: Terran Terran

Event: 2016 WCS Global Finals

VOD

Have the link to the VOD?

Description

Time

  • Played on: Nov. 4, 2016, 6:30 p.m.
  • Length: 5:59

All games in this series

Show
View Real Time Build Order
Export as new Build Order

TYTY Terran 

Build Orders: 1/1/1 

Get SALT Encoding   

  12  0:00  SCV  
  13  0:12  SCV  
  14  0:18  Supply Depot  
  14  0:24  SCV  
  14  0:28  Refinery  
  15  0:40  SCV  
  16  0:45  Barracks  
  16  0:52  SCV  
  17  0:59  Refinery  
  17  1:04  SCV  
  18  1:16  SCV  
  19  1:31  Orbital Command  
  19  1:33  Factory  
  19  1:35  Reaper  
  20  1:44  Supply Depot  
  20  1:57  SCV  
  21  2:07  Reaper  
  22  2:09  SCV  
  23  2:17  Hellion  
  23  2:18  Starport  
  23  2:21  SCV  
  26  2:33  SCV  
  26  2:35  Supply Depot  
  27  2:38  Hellion  
  27  2:43  Barracks Tech Lab  
  29  2:45  SCV  
  30  3:00  SCV  
  30  3:05  Banshee  
  31  3:06  Hellion  
  31  3:11  Barracks Reactor, Supply Depot  
  36  3:15  SCV  
  37  3:28  Factory Tech Lab  
  37  3:32  SCV  
  37  3:33  Hellion  
  34  3:50  SCV  
  26  4:06  Marine x2  
  26  4:08  Cyclone  
  32  4:12  Viking  
  32  4:14  SCV, Mag-Field Accelerator  
  35  4:24  Marine x2  
  35  4:26  SCV  
  38  4:31  Supply Depot  
  38  4:38  SCV  
  39  4:40  Cyclone  
  39  4:41  Viking  
  39  4:42  Marine x2  
  47  4:53  SCV  
  47  4:55  Supply Depot  
  48  5:00  Marine x2  
  50  5:12  Cyclone  
  55  5:17  Viking  
  57  5:22  Marine  
  57  5:23  Marine  
  59  5:32  Engineering Bay  
Show
View Real Time Build Order
Export as new Build Order

ByuN Terran - Winner!

Build Orders:  

Get SALT Encoding   

  12  0:00  SCV  
  13  0:12  SCV  
  14  0:17  Supply Depot  
  14  0:24  SCV  
  14  0:27  Refinery  
  15  0:38  SCV  
  16  0:44  Barracks  
  16  0:50  SCV  
  16  0:55  Refinery  
  17  1:03  SCV  
  18  1:15  SCV  
  19  1:31  Reaper, Orbital Command  
  20  1:36  Factory  
  20  1:46  Supply Depot  
  20  1:56  SCV  
  21  2:03  Reaper  
  21  2:08  SCV  
  23  2:19  Hellion  
  25  2:23  Command Center  
  25  2:25  SCV  
  26  2:31  Supply Depot  
  26  2:35  Barracks Reactor  
  26  2:41  Hellion  
  26  2:42  SCV  
  29  2:50  Starport  
  29  2:54  SCV  
  30  3:04  Factory Tech Lab  
  30  3:09  SCV  
  30  3:11  Marine x2  
  33  3:21  SCV  
  33  3:24  Cyclone  
  38  3:33  SCV  
  39  3:35  Viking  
  41  3:41  Engineering Bay  
  41  3:42  Marine x2  
  41  3:46  SCV  
  40  3:58  Orbital Command  
  40  3:59  Marine  
  40  4:00  SCV, Marine  
  41  4:07  Missile Turret  
  41  4:11  Missile Turret  
  41  4:16  Cloaking Field  
  41  4:17  Missile Turret  
  41  4:24  Banshee  
  41  4:27  Factory Tech Lab  
  41  4:29  SCV  
  45  4:31  SCV  
  45  4:35  Marine  
  45  4:36  Marine  
  48  4:40  Supply Depot  
  48  4:45  SCV x2  
  50  4:50  Cyclone  
  54  4:56  Supply Depot  
  54  5:02  Marine x2  
  54  5:03  SCV, Supply Depot  
  54  5:05  SCV  
  58  5:10  Banshee  
  61  5:16  SCV  
  61  5:17  SCV  
  63  5:22  Siege Tank, Marine x2  
  63  5:27  Supply Depot  
  67  5:40  Marine x2  
Tags
 
Add a new tag
Caveats
  • Supply blocks, unpowered buildings, or Contaminate may cause inaccurate times.
  • Supply counts are checked every 10 seconds.